 Dungeon Crawl Stone Soup version 0.31.0-11-ge490571c62 (webtiles) character file.

Game seed: 5621615117820208162

60 qw the Shooter (level 3, 0/18 HPs)
             Began as a Spriggan Hunter on Feb 4, 2024.
             Succumbed to an adder's poison
             ... on level 2 of the Dungeon.
             The game lasted 00:00:04 (938 turns).

qw the Shooter (Spriggan Hunter)                     Turns: 938, Time: 00:00:05

Health: 0/18       AC:  2    Str:  7    XL:     3   Next: 80%
Magic:  4/4        EV: 19    Int: 10    God:
Gold:   51         SH:  0    Dex: 20    Spells: 2/2 levels left

rFire   . . .        a - +0 shortbow
rCold   . . .        (shield currently unavailable)
rNeg    . . .        c - +0 robe
rPois   .            (helmet restricted)
rElec   .            (no cloak)
rCorr   .            (gloves unavailable)
SInv    +            (boots unavailable)
Will    .....        (no amulet)
Stlth   ++           (no ring)
HPRegen 0.23/turn    (no ring)
MPRegen 0.09/turn

%: no passive effects
@: lethally poisoned (0 -> -3), about to teleport, very quick
A: very small, no large weapons, unfitting armour, see invisible, speed 3
a: no special abilities


You were on level 2 of the Dungeon.
You visited 1 branch of the dungeon, and saw 2 of its levels.

You collected 51 gold pieces.


Innate Abilities, Weirdness & Mutations

You are very small and have problems with some larger weapons.
You are too small for most types of armour.
You have supernaturally acute eyesight. (SInv)
You cover ground extremely quickly. (Speed+++)


   Skills:
 - Level 1.5 Fighting
 - Level 5.0 Ranged Weapons
 + Level 4.0 Dodging
 - Level 1.5 Stealth


You had 2 spell levels left.
You didn't know any spells.
Your spell library was empty.

Inventory:

Hand Weapons
 a - a +0 shortbow (weapon)
Armour
 c - a +0 robe (worn)
Scrolls
 b - a scroll of enchant weapon {unknown}
 d - a scroll of fear {unknown}
 f - a scroll of blinking {unknown}
 g - a scroll of identify
Potions
 e - 2 potions of might
 j - a potion of curing

Dungeon Overview and Level Annotations

Branches:
Dungeon (2/15)

Altars:
Dithmenos


Message History

You shoot an arrow. The arrow closely misses the rat.
The rat misses you.
You shoot an arrow. The arrow barely misses the rat.
The rat bites you. The rat closely misses you.
You shoot an arrow. The arrow barely misses the kobold.
The rat bites you but does no damage. The kobold misses you.
You shoot an arrow. The arrow barely misses the kobold.
The rat bites you. The kobold misses you.
You shoot an arrow. The arrow hits the kobold!
You kill the kobold!
The rat misses you.
You shoot an arrow. The arrow closely misses the adder.
The rat completely misses you. The adder completely misses you.
You shoot an arrow. The arrow closely misses the adder.
The adder barely misses you. The rat closely misses you.
The adder bites you but does no damage. The rat bites you.
You shoot an arrow. The arrow barely misses the adder.
The adder bites you. The rat closely misses you.
You shoot an arrow. The arrow misses the adder.
The adder completely misses you. The rat closely misses you.
The adder misses you.
You shoot an arrow. The arrow misses the adder.
The adder closely misses you. The rat misses you.
You shoot an arrow. The arrow hits the adder.
The adder is lightly wounded.
The adder closely misses you. The rat barely misses you. The adder bites you.
You shoot an arrow. The arrow closely misses the adder.
The adder bites you.
You are lethally poisoned!
The adder poisons you! The rat completely misses you.
You shoot an arrow. The arrow barely misses the adder.
You feel sick. The adder bites you but does no damage.
The rat barely misses you. The adder misses you.
The rat bites you but does no damage.
You shoot an arrow. The arrow barely misses the adder.
You feel sick. The adder bites you. The rat barely misses you.
938 ||| READING scroll of teleportation.
As you read the scroll of teleportation, it crumbles to dust.
You feel strangely unstable.
You die...

#....... #...... ........
#....... ## #>..... ##### .#
#.###.. ... ##...# .## #...Sr#
#.# ##..... ..## #@###.# #......
#..#### #...#.## ###......
#.....##### ###....###........
........<.## ###.............
...........## ##.............
............# ###...#.###....%.
............#####.......# #......
...............#......######.....
.............[........####..<....


You could see an adder and a rat.

Vanquished Creatures
  An adder (D:2)
  A ribbon worm (D:2)
  A dart slug (D:1)
  3 bats
  4 endoplasms
  A giant cockroach (D:1)
  A goblin (D:1)
  5 hobgoblins
  7 jackals
  A quokka (D:1)
  3 ball pythons
  2 frilled lizards (D:1)
  6 kobolds
  6 rats
42 creatures vanquished.

Notes
Turn   | Place    | Note
-------+----------+-------------------------------------------
     0 | D:1      | qw the Spriggan Hunter began the quest for the Orb.
     0 | D:1      | Reached XP level 1. HP: 10/10 MP: 2/2
     0 | D:1      | 0 ||| qw: Version: 0.3-a-160-g6735b56
     0 | D:1      | 0 ||| qw: Game counter: 4544
     0 | D:1      | 0 ||| qw: Melee chars always use a shield: true
     0 | D:1      | 0 ||| qw: God list: Okawaru
     0 | D:1      | 0 ||| qw: Allow faded altars: false
     0 | D:1      | 0 ||| qw: Do Orc after clearing Dungeon:15 true
     0 | D:1      | 0 ||| qw: Do second Lair branch before Depths: true
     0 | D:1      | 0 ||| qw: Lair rune preference: random
     0 | D:1      | 0 ||| qw: Goals: Normal
     0 | D:1      | 0 ||| PLANNING D:1-11
    41 | D:1      | Reached skill level 3 in Dodging
    42 | D:1      | HP: 2/10 [ball python (3)]
   164 | D:1      | Reached XP level 2. HP: 14/14 MP: 3/3
   220 | D:1      | Found a faded altar of an unknown god.
   366 | D:1      | Reached XP level 3. HP: 18/18 MP: 4/4
   521 | D:1      | 521 ||| READING 4 scrolls labelled EQOUKOIRAFI.
   521 | D:1      | 521 ||| IDENTIFYING murky cyan potion
   522 | D:1      | 522 ||| READING 3 scrolls of identify.
   522 | D:1      | 522 ||| IDENTIFYING black potion
   523 | D:1      | 523 ||| READING 2 scrolls of identify.
   523 | D:1      | 523 ||| IDENTIFYING 2 sapphire potions
   524 | D:1      | 524 ||| READING scroll of identify.
   524 | D:1      | 524 ||| IDENTIFYING scroll labelled ATZINLI BAGOFFY
   525 | D:1      | 525 ||| READING 2 scrolls labelled FIDGHE ZUMY.
   528 | D:1      | 528 ||| READING 3 scrolls labelled GUOXKA KALAL.
   629 | D:1      | 629 ||| DROPPING scroll of butterflies.
   630 | D:1      | 630 ||| DROPPING potion of ambrosia.
   631 | D:1      | 631 ||| DROPPING scroll of revelation.
   632 | D:1      | 632 ||| DROPPING 2 scrolls of vulnerability.
   754 | D:2      | Found a shadowy altar of Dithmenos.
   922 | D:2      | Reached skill level 5 in Ranged Weapons
   937 | D:2      | HP: 3/18 [poisoned by an adder]
   937 | D:2      | HP: 1/18 [adder (2)]
   938 | D:2      | 938 ||| READING scroll of teleportation.
   938 | D:2      | Succumbed to an adder's poison

Levels and vault maps discovered:
D:1:      dpeg_arrival_rooms_a, layout_rooms,
          hellmonk_ecumenical_altar_heavens_door, hex_medium, minmay_hexomino_u4
D:2:      layout_rooms, basic_altar

Skill      XL: |  1  2  3 |
---------------+----------+-----
Dodging        | 3 4 |  4.0
Ranged Weapons | 5 |  5.0
Fighting       | |  1.5
Stealth        | |  1.5

Action                     || total
---------------------------++-------
   Fire: Shortbow          ||   119
    Use: Scroll            ||     7
 Armour: Robe              ||    26
  Dodge: Dodged            ||    54

Table legend:
 A = Non-vault XP
 B = Vault XP
 C = Vault XP percentage of total XP
 D = Non-vault monster count
 E = Vault monster count
 F = Vault count percentage of total count
                 A         B        C        D         E       F
            +---------+---------+-------+---------+---------+-------
      Total |      82 |       4 |   4.7 |      40 |       2 |   4.8
            +---------+---------+-------+---------+---------+-------
        D:1 |      43 |       4 |   8.5 |      26 |       2 |   7.1
        D:2 |      39 |       0 |   0.0 |      14 |       0 |   0.0
            +---------+---------+-------+---------+---------+-------
